 Dungeon Crawl Stone Soup version 0.31-a0-920-g28cbb04a8c (webtiles) character file.

Game seed: 1446301939844812359

755 aloevera1 the Ruffian (level 7, -6/68 HPs)
             Began as a Troll Berserker on Oct 10, 2023.
             Was a Believer of Trog.
             Mangled by a yak (12 damage)
             ... on level 5 of the Dungeon on Oct 17, 2023.
             The game lasted 00:14:28 (1287 turns).

aloevera1 the Ruffian (Troll Berserker)             Turns: 1287, Time: 00:14:29

Health: -6/68      AC:  8    Str: 28    XL:     7   Next: 49%
Magic:  6/6        EV: 11    Int:  0    God:    Trog [**....]
Gold:   113        SH:  0    Dex: 14    Spells: 6/6 levels left

rFire   . . .        o - +0 falchion "Zogam" {holy, Int-3 Dex+5}
rCold   . . .        (no shield)
rNeg    . . .        a - +0 animal skin
rPois   .            (helmet restricted)
rElec   .            (no cloak)
rCorr   .            (gloves unavailable)
SInv    .            (boots unavailable)
Will    .....        c - amulet of the acrobat
Stlth   +            f - +4 ring of protection
HPRegen 1.11/turn    (no ring)
MPRegen 0.10/turn

%: acrobat
@: on berserk cooldown, slowed, lost intelligence, unable to read, very slow
A: large, unfitting armour, claws 3, regeneration 1, shaggy fur 1, tough skin 1
a: Renounce Religion, Berserk, Trog's Hand


You were on level 5 of the Dungeon.
You worshipped Trog.
Trog was pleased with you.
You visited 1 branch of the dungeon, and saw 6 of its levels.

You collected 113 gold pieces.

Inventory:

Hand Weapons
 o - the +0 falchion "Zogam" (weapon) {holy, Int-3 Dex+5}
   (You found it on level 5 of the Dungeon)

   Int-3:     It affects your intelligence (-3).
   Dex+5:     It affects your dexterity (+5).
 r - a +0 glaive
Missiles
 d - 5 large rocks (quivered)
 e - 19 stones
Armour
 a - a +0 animal skin (worn)
Jewellery
 c - an amulet of the acrobat (around neck)
 f - a +4 ring of protection (left claw)
 i - a ring of magical power
Scrolls
 b - a scroll of revelation {unknown}
 g - a scroll of brand weapon {unknown}
 j - 3 scrolls of identify {unknown}
 m - a scroll of poison {unknown}
 p - a scroll of enchant weapon {unknown}
 q - a scroll of teleportation {unknown}
Potions
 h - 2 potions of heal wounds {unknown}
 k - 2 potions of brilliance {unknown}
 l - a potion of experience {unknown}
 n - 2 potions of mutation {unknown}


   Skills:
 + Level 3.7 Fighting
 + Level 0.3 Long Blades
 + Level 0.5 Throwing
 + Level 4.0 Dodging
 + Level 7.0 Unarmed Combat


You had 6 spell levels left.
You didn't know any spells.
Your spell library was empty.

Dungeon Overview and Level Annotations

Branches:
Dungeon (6/15)
 Temple: D:4-7

Altars:
Makhleb

Annotations:
D:4 Sigmund


Innate Abilities, Weirdness & Mutations

You are too large for most types of armour.
You have claws for hands.
Your natural rate of healing is unusually fast.
You are covered in fur. (AC +1)
You have tough skin. (AC +1)


Message History

You are exhausted.
You feel yourself slow down. The yak gores you.
You hit the yak.
The yak is lightly wounded.
The yak closely misses you. The yak gores you.
Your skin crawls.
You feel strong-willed.
The yak gores you but does no damage. x2
You hit the yak. You claw the yak!
The yak is moderately wounded.
You feel the effects of Trog's Hand fading.
The yak gores you. x2
You barely miss the yak.
The yak is moderately wounded.
The yak gores you.
You hit the yak.
The yak is moderately wounded.
Your skin stops crawling.
You feel less strong-willed. The yak gores you but does no damage.
The yak closely misses you.
You hit the yak.
The yak is moderately wounded.
The yak closely misses you. The yak gores you!
You barely miss the yak.
The yak is moderately wounded.
The yak gores you! The yak barely misses you.
You hit the yak. You claw the yak.
The yak is heavily wounded.
The yak gores you!
* * * LOW HITPOINT WARNING * * *
The yak gores you!
* * * LOW HITPOINT WARNING * * *
You hit the yak.
The yak is severely wounded.
The yak closely misses you. x2
You barely miss the yak.
The yak is severely wounded.
The yak gores you.
* * * LOW HITPOINT WARNING * * *
The yak gores you!
You die...

#..# ##..# .. ....
#.####..### ..........#
...(##..#.##
.....#..#...
......Y>#..# #. .#.#
....#..@#..# #...#.#
#.#...#.#..# #...#.# #
##.##.#..# #.#.#.#
#.##.#..# #.#.#.#
.##.#.....###...#.#
#.............<.##.#####
######...#.###..........
##.##.........#####
#.######..#...####


You could see a yak.

Vanquished Creatures
  2 yaks (D:5)
  An ogre (D:6)
  2 bullfrogs
  A howler monkey (D:6)
  3 orc priests
  A jelly (D:6)
  An iguana (D:6)
  An adder (D:5)
  A worm (D:2)
  2 dart slugs
  6 orcs
  6 endoplasms
  3 giant cockroaches
  3 goblins
  6 hobgoblins
  4 kobolds
  4 ball pythons
  2 rats
49 creatures vanquished.

Notes
Turn   | Place    | Note
-------+----------+-------------------------------------------
     0 | D:1      | aloevera1 the Troll Berserker began the quest for the Orb.
     0 | D:1      | Reached XP level 1. HP: 22/22 MP: 0/0
    46 | D:2      | Noticed an orc priest
   127 | D:1      | Reached XP level 2. HP: 29/29 MP: 1/1
   380 | D:2      | Reached XP level 3. HP: 23/36 MP: 2/2
   550 | D:4      | Noticed Sigmund
   550 | D:4      | Noticed a scorpion
   550 | D:4      | Noticed a black bear
   611 | D:3      | Reached XP level 4. HP: 45/45 MP: 3/3
   611 | D:3      | Reached ** piety under Trog
   695 | D:3      | You fall into a shaft and drop 3 floors!
   707 | D:6      | Noticed a kobold brigand
   724 | D:6      | Reached skill level 4 in Unarmed Combat
   811 | D:6      | Found a burning altar of Makhleb.
   815 | D:6      | Noticed an Executioner
   839 | D:6      | Reached XP level 5. HP: 25/53 MP: 4/4
   845 | D:6      | Reached skill level 5 in Unarmed Combat
   850 | D:6      | Noticed an ogre
   855 | D:6      | Reached XP level 6. HP: 45/61 MP: 5/5
   942 | D:6      | Noticed a yak
   942 | D:6      | Noticed a yak
   943 | D:6      | Noticed a yak
   960 | D:5      | Entered Level 5 of the Dungeon
   969 | D:5      | Reached skill level 6 in Unarmed Combat
   975 | D:5      | Killed a yak
   976 | D:5      | Reached XP level 7. HP: 13/67 MP: 6/6
  1003 | D:5      | Identified the +0 falchion "Zogam" {holy, Int-3 Dex+5}
  1138 | D:4      | Upgraded the game from 0.31-a0-865-g3d5d91748a to
                  | 0.31-a0-920-g28cbb04a8c
  1164 | D:4      | Lost intelligence.
  1274 | D:5      | Killed a yak
  1275 | D:5      | Reached skill level 7 in Unarmed Combat
  1287 | D:5      | Mangled by a yak

Illustrated notes

Levels and vault maps discovered:
D:1:      psy_arrival_radial01, layout_rooms, hangedman_glass_teeth,
          minmay_misc_feat_encased
D:2:      layout_rooms
D:3:      layout_basic, ebering_ghost_rock_garden, kennysheep_decorative_pillar,
          kennysheep_cluttered_room, minmay_circle_x
D:4:      layout_basic, minmay_temple_entry_ruins, uniq_grinder, uniq_sigmund
D:5:      layout_loops_ring, amcnicky_altar_gilded, lemuel_tele_altar
D:6:      layout_rooms, makhleb_altar_promises_db,
          gammafunk_temple_overflow_arena, minmay_holes

Skill      XL: |  1  2  3  4  5  6  7 |
---------------+----------------------+-----
Fighting       | 3 |  3.7
Dodging        | 3 4 |  4.0
Unarmed Combat | 4 5 6 7 |  7.0
Long Blades    | |  0.3
Throwing       | |  0.5

Action                     |  1- 3 |  4- 6 |  7- 9 || total
---------------------------+-------+-------+-------++-------
  Melee: Unarmed           |    59 |    50 |     2 ||   111
         Punch             |       |     2 |     4 ||     6
         Falchion          |       |       |    34 ||    34
  Throw: Large rock        |     3 |       |       ||     3
 Invoke: Berserk           |     1 |     1 |     1 ||     3
         Trog's Hand       |       |     2 |     1 ||     3
 Armour: Animal skin       |    39 |    37 |    51 ||   127
  Dodge: Dodged            |    30 |    22 |    33 ||    85

Table legend: (Time is in decaauts)
 A = Elapsed time spent in this place.
 B = Non-inter-level travel time spent in this place.
 C = Inter-level travel time spent in this place.
 D = Time resting spent in this place.
 E = Time spent auto-exploring this place.
 F = Levels seen in this place.
 G = Mean time per level.
                   A        B        C        D        E       F      G
               +--------+--------+--------+--------+--------+-----+--------+
         Total |   1373 |   1373 |      0 |      0 |      0 |   6 |  228.8 |
       Dungeon |   1373 |   1373 |      0 |      0 |      0 |   6 |  228.8 |
               +--------+--------+--------+--------+--------+-----+--------+

Top non-repeatable levels by time:
     D:1: 333 daAuts
     D:6: 279 daAuts
     D:2: 200 daAuts
     D:5: 197 daAuts
     D:4: 193 daAuts
     D:3: 169 daAuts
